 Dungeon Crawl Stone Soup version 0.28-a0-828-g0121872642 (webtiles) character file.

Game seed: 7880689508203811727

8 croobank the Caller (level 2, -1/11 HPs)
             Began as a Felid Summoner on Nov 10, 2021.
             Slain by a quokka (3 damage)
             ... on level 1 of the Dungeon.
             The game lasted 00:04:54 (682 turns).

croobank the Caller (Felid Summoner)                 Turns: 682, Time: 00:04:54

Health: -1/11      AC:  1    Str:  4    XL:     2   Next: 0%
Magic:  4/6        EV: 17    Int: 16    God:
Gold:   0          SH:  0    Dex: 16    Spells: 4/5 levels left
                                        Lives:  0   Deaths: 0

rFire   . . .      SeeInvis +   (weapon unavailable)
rCold   . . .      Faith    .   (shield unavailable)
rNeg    . . .      Spirit   .   (armour unavailable)
rPois   .          Reflect  .   (helmet unavailable)
rElec   .          Harm     .   (cloak unavailable)
rCorr   .          Rampage  .   (gloves unavailable)
Will    .....                   (boots unavailable)
Stlth   ++........              (no amulet)
HPRegen 0.03/turn               (no ring)
MPRegen 0.10/turn               (no ring)

@: quick
A: very small, claws 1, fangs 3, see invisible, speed 1, shaggy fur 1, stealthy
paws, no weapons or thrown items, no armour, multi-lived
a: no special abilities


You were on level 1 of the Dungeon.
You visited 1 branch of the dungeon, and saw 1 of its levels.

Inventory:

Scrolls
 a - a scroll of identify


   Skills:
 + Level 2.9 Dodging
 + Level 2.9 Stealth
 + Level 2.1 Spellcasting
 + Level 4.2 Summonings


You had 4 spell levels left.
You knew the following spells:

 Your Spells              Type           Power      Damage    Failure   Level
a - Summon Small Mammal   Summ           60%        N/A       3%          1

Your spell library contained the following spells:

 Spells                   Type           Power      Damage    Failure   Level
 Call Imp                 Summ           15%        N/A       5%          2
 Call Canine Familiar     Summ           15%        N/A       11%         3
 Summon Guardian Golem    Hex/Summ       8%         N/A       26%         3
 Summon Lightning Spire   Summ/Air       8%         N/A       65%         4


Dungeon Overview and Level Annotations

Branches:
Dungeon (1/15)

Altars:

Shops:
D:1 (


Innate Abilities, Weirdness & Mutations

You have sharp claws.
You have razor-sharp teeth.
You have supernaturally acute eyesight. (SInv)
You cover ground quickly. (Speed+)
You are covered in fur. (AC +1)
Your paws help you pounce on unaware monsters.
You are incapable of wielding weapons or throwing items.
You cannot wear armour.
You gain extra lives every three experience levels.


Message History

The quokka closely misses you.
You scratch the quokka but do no damage.
The quokka is moderately wounded.
The quokka closely misses you.
You closely miss the quokka.
The quokka is moderately wounded.
The quokka bites you.
You closely miss the quokka.
The quokka is moderately wounded.
The quokka bites you.
* * * LOW HITPOINT WARNING * * *
The quokka barely misses you.
A kobold comes into view. It is wielding a +0 short sword.
Found Enwoir's Antique Weapon Emporium.
A bat comes into view.
Casting: Summon Small Mammal (safe; 3% risk of failure)
Confirm with . or Enter, or press ? or * to list all spells.
The kobold shouts!
The quokka closely misses your quokka.
You scratch the bat. Your bite misses the bat.
The bat is severely wounded.
The bat closely misses you.
A ball python comes into view.
The quokka misses your quokka.
Your quokka barely misses the quokka.
The ball python hisses angrily.
You scratch the bat.
You kill the bat!
The quokka bites your quokka.
The kobold throws a stone.
The stone misses you.
The stone hits your quokka but does no damage.
Your quokka misses the quokka. The quokka bites your quokka.
You have reached level 2!
Your quokka closely misses the quokka.
The quokka misses your quokka.
The kobold throws a stone.
The stone barely misses you. The stone barely misses your quokka.
The stone completely misses the quokka.
Your quokka barely misses the quokka.
The quokka closely misses your quokka.
You swap places.
The kobold throws a stone.
The stone hits your quokka.
Your quokka dies!
Your quokka's corpse disappears in a puff of smoke!
The quokka bites you.
You die...

### #.. #.# ## #.# ..
#.# .#
#####.#######.# .#
#∩...K.§@r....# .#
#.##.S#######.# .#
#...#######.######.#
..................#.#
#..
...$#####.####.#.# ..
. #.# #...# . #.#
#.###### #.# #.......
##.####.#####.


You could see a quokka, a ball python and a kobold.

Vanquished Creatures
  4 bats (D:1)
  A kobold (D:1)
  A frilled lizard (D:1)
  A rat (D:1)
7 creatures vanquished.

Notes
Turn   | Place    | Note
-------+----------+-------------------------------------------
     0 | D:1      | croobank the Felid Summoner began the quest for the Orb.
     0 | D:1      | Reached XP level 1. HP: 7/7 MP: 4/4
   675 | D:1      | Found Enwoir's Antique Weapon Emporium.
   680 | D:1      | Reached XP level 2. HP: 2/11 MP: 4/6
   682 | D:1      | Slain by a quokka

Illustrated notes

Levels and vault maps discovered:
D:1:      dpeg_arrival_arbitrary_b, layout_loops_ring, serial_shops, shop

Action                   || total
-------------------------++-------
Melee: Unarmed           ||    43
       Bite              ||     4
 Cast: Summon Small Mamm ||     4
  Use: Potion            ||     2
       Scroll            ||     1
Armor: Skin              ||     3
Dodge: Dodged            ||    55

Table legend: (Time is in decaauts)
 A = Elapsed time spent in this place.
 B = Non-inter-level travel time spent in this place.
 C = Inter-level travel time spent in this place.
 D = Time resting spent in this place.
 E = Time spent auto-exploring this place.
 F = Levels seen in this place.
 G = Mean time per level.
                   A        B        C        D        E       F      G
               +--------+--------+--------+--------+--------+-----+--------+
         Total |    586 |    586 |      0 |    311 |    100 |   1 |  586.0 |
       Dungeon |    586 |    586 |      0 |    311 |    100 |   1 |  586.0 |
               +--------+--------+--------+--------+--------+-----+--------+

Top non-repeatable levels by time:
     D:1: 586 daAuts
